 Dungeon Crawl Stone Soup version 0.18-a0-1702-gd20c6a5 (webtiles) character file.

7553 InvalidUsername the Destroyer (level 10, -2/63 HPs)
             Began as a Demonspawn Wizard on Apr 7, 2016.
             Was an Elder of Vehumet.
             Slain by suvakkihuora's ghost (27 damage)
             ... on level 9 of the Dungeon.
             The game lasted 00:51:41 (13524 turns).

InvalidUsername the Destroyer (Demonspawn Wizard)  Turns: 13524, Time: 00:51:42

Health: -2/63      AC:  5    Str: 18    XL:     10   Next: 96%
Magic:  14/24      EV: 15    Int: 18    God:    Vehumet [****..]
Gold:   407        SH:  0    Dex: 11    Spells: 9 memorised, 7 levels left

rFire  . . .     SeeInvis .     i - +1 dagger
rCold  . . .     Gourm    .     a - +0 robe
rNeg   . . .     Faith    .     (no shield)
rPois  .         Spirit   .     b - +1 hat
rElec  .         Dismiss  .     (no cloak)
rCorr  .         Reflect  .     (no gloves)
SustAt +         Harm     .     (no boots)
MR     .....                    (no amulet)
Stlth  ++........               h - +3 ring of evasion
                                e - ring of sustain attributes

@: mighty, not resistant to hostile enchantments, unstealthy
A: claws 2, yellow scales 1, deterioration 1, dopey 1, mutation resistance 1,
powered by pain 2, strong 1
a: Renounce Religion


You were on level 9 of the Dungeon.
You worshipped Vehumet.
Vehumet was greatly pleased with you.
You were not hungry.

You visited 1 branch of the dungeon, and saw 12 of its levels.

You collected 497 gold pieces.
You spent 90 gold pieces at shops.

Inventory:

Hand Weapons
 i - a +1 dagger (weapon)
 G - a +0 falchion of draining
Armour
 a - a +0 robe (worn)
 b - a +1 hat (worn)
Jewellery
 e - a ring of sustain attributes (left claw)
 h - a +3 ring of evasion (right claw)
 u - an uncursed ring of resist corrosion {unknown}
 E - an uncursed ring of flight
Wands
 D - a wand of lightning (10/15)
 F - a wand of iceblast (11/15)
 H - a wand of disintegration (4/24)
Scrolls
 f - 5 scrolls of teleportation
 l - 15 scrolls of identify
 m - a scroll of recharging
 n - 3 scrolls of random uselessness
 s - 2 scrolls of noise
 z - 3 scrolls of remove curse
Potions
 g - a potion of brilliance
 j - 2 potions of might
 q - a potion of lignification {unknown}
 r - 2 potions of haste
 v - 3 potions of curing
 w - a potion of flight
 x - a potion of degeneration
Books
 c - a book of Minor Magic

   Spells                             Type                      Level
   a - Magic Dart                     Conjuration                  1
   b - Blink                          Translocation                2
   c - Call Imp                       Summoning                    2
   d - Repel Missiles                 Charms/Air                   2
   e - Slow                           Hexes                        2
   f - Conjure Flame                  Conjuration/Fire             3
   g - Mephitic Cloud                 Conjuration/Poison/Air       3
 o - a book of Conjurations

   Spells                             Type                      Level
   a - Magic Dart                     Conjuration                  1
   b - Searing Ray                    Conjuration                  2
   c - Dazzling Spray                 Conjuration/Hexes            3
   d - Fulminant Prism                Conjuration/Hexes            4
   e - Iskenderun's Mystic Blast      Conjuration                  4
   f - Iskenderun's Battlesphere      Conjuration/Charms           5
 p - a book of Necromancy

   Spells                             Type                      Level
   a - Pain                           Necromancy                   1
   b - Animate Skeleton               Necromancy                   1
   c - Vampiric Draining              Necromancy                   3
   d - Regeneration                   Charms/Necromancy            3
   e - Animate Dead                   Necromancy                   4
   f - Control Undead                 Necromancy                   4
Comestibles
 d - 7 royal jellies
 k - 3 beef jerkies
 B - 2 meat rations


   Skills:
 - Level 1.7 Dodging
 - Level 1.7 Stealth
 + Level 10.9 Spellcasting
 * Level 12.1 Conjurations
 - Level 1.0 Summonings
 - Level 0.8 Translocations


You had 7 spell levels left.
You knew the following spells:

 Your Spells              Type           Power        Failure   Level  Hunger
a - Magic Dart            Conj           ####         1%          1    None
b - Iskenderun's Mystic   Conj           ######..     1%          4    ##.....
c - Mephitic Cloud        Conj/Pois/Air  ###.....     1%          3    None
d - Force Lance           Conj/Tloc      ####....     1%          4    ##.....
e - Summon Butterflies    Summ           ##......     6%          1    None
f - Conjure Flame         Conj/Fire      ####....     1%          3    None
g - Ignite Poison         Fire/Trmt/Pois #.......     7%          3    None
h - Repel Missiles        Chrm/Air       #.....       12%         2    None
w - Blink                 Tloc           N/A          10%         2    None


Dungeon Overview and Level Annotations

Branches:
Dungeon (12/15)            Temple (0/1) D:5
   Lair: D:8-11         Orc: D:9-12

Altars:
Ashenzari
Gozag
Kikubaaqudgha
Nemelex Xobeh
Pakellas
Ru
Sif Muna
Vehumet
Zin
The Shining One

Shops:
D:4 *   D:7 ?}[=

Annotations:
D:9 suvakkihuora's ghost, novice MiAK
D:10 Maud


Innate Abilities, Weirdness & Mutations

You have very sharp fingernails.
You are partially covered in yellow scales (AC +2).
You sometimes gain power by taking damage.
Your body sometimes deteriorates upon taking damage.
You are dopey. (Int -2)
You are somewhat resistant to further mutation.
Your muscles are strong. (Str +2)


Message History

Suvakkihuora's ghost hits you!!
* * * LOW HITPOINT WARNING * * *
Your body deteriorates!
You feel weakened for a moment.
Drink which item? (? for menu, Esc to quit)
You feel much better.
Suvakkihuora's ghost is engulfed in roaring flames.
Suvakkihuora's ghost hits you!!
You focus on the pain.
You feel your power returning.
Casting: Force Lance
Confirm with . or Enter, or press ? or * to list all spells.
Aiming: Force Lance
Press: ? - help, Shift-Dir - straight line, f/p - suvakkihuora's ghost
Aim: suvakkihuora's ghost, wielding a weapon of protection (flame, severely damaged)
The lance of force hits suvakkihuora's ghost.
Suvakkihuora's ghost is severely damaged.
Suvakkihuora's ghost is knocked back by the lance of force.
Suvakkihuora's ghost is engulfed in roaring flames.
Suvakkihuora's ghost hits you!!
You die...

#..........# #...# .....
#..H.......###...# ......
#.....}..........##......
##.#######.......)....W...
...#.....#######..........
...#.....#.....#.##...#'##
...#.....#.....#.# ...W...
...............'.# ...#...
####.....##....#@##...# ..
..##.....##....#.W....# .
.........##....########
.................
..................
..##...............
..##..<............
+........
..................
#........ ...............
#........


You could see suvakkihuora's ghost.

Vanquished Creatures
  Erolcha (D:8)
  Pikel (D:7)
  An ugly thing (D:6)
  A manticore (D:11)
  4 yaks (D:9)
  A hippogriff (D:9)
  Menkaure (D:7)
  A water moccasin (D:5)
  4 orc warriors
  An ice beast (D:7)
  A sky beast (D:8)
  A slave (D:7)
  2 black bears
  A phantom (D:4)
  A necrophage (D:9)
  3 centaurs
  5 ogres
  7 big kobolds
  4 giant frogs
  4 scorpions
  A water moccasin skeleton (D:7)
  14 killer bees
  3 electric eels
  A vampire bat (D:5)
  2 howler monkeys
  5 crimson imps
  A hound (D:7)
  5 orc priests
  A giant frog skeleton (D:5)
  A gnoll shaman (D:7)
  6 orc wizards
  4 iguanas
  8 worker ants
  A hound zombie (D:9)
  Robin (D:1)
  7 gnolls
  8 adders
  3 shadow imps
  An ooze (D:4)
  An adder zombie (D:5)
  2 dart slugs
  3 fire bats (D:5)
  5 giant geckos
  24 orcs
  2 spectral bats (D:5)
  3 bat skeletons (D:5)
  A bat zombie (D:5)
  5 giant cockroaches
  19 goblins
  5 hobgoblins
  15 jackals
  41 kobolds
  4 quokkas
  2 ball pythons
  16 bats
  A bat simulacrum (D:5)
  A giant gecko skeleton (D:9)
  3 giant newts
  9 rats
280 creatures vanquished.

Vanquished Creatures (collateral kills)
  A queen bee (D:8)
  A slave (D:7)
  2 killer bees (D:8)
4 creatures vanquished.

Vanquished Creatures (others)
  2 killer bees
  A slave (D:7)
  A giant frog (D:8)
  A giant frog zombie (D:7)
  A centaur skeleton (D:7)
  A hound (D:7)
  An adder zombie (D:7)
  A giant newt (D:7)
  A plant (D:8)
10 creatures vanquished.

Grand Total: 294 creatures vanquished

Notes
Turn   | Place    | Note
--------------------------------------------------------------
     0 | D:1      | InvalidUsername the Demonspawn Wizard began the quest for the Orb.
     0 | D:1      | Reached XP level 1. HP: 13/13 MP: 4/4
   340 | D:1      | Reached skill level 2 in Conjurations
   348 | D:1      | Gained mutation: You sometimes gain a little power by taking damage. [demonic ancestry]
   348 | D:1      | Reached XP level 2. HP: 19/19 MP: 1/6
  1282 | D:2      | Noticed Robin
  1312 | D:2      | Gained mutation: You are partially covered in yellow scales (AC +2). [demonic ancestry]
  1312 | D:2      | Reached XP level 3. HP: 21/24 MP: 4/7
  1398 | D:1      | Killed Robin
  1398 | D:1      | Reached skill level 3 in Conjurations
  2178 | D:2      | Reached XP level 4. HP: 30/30 MP: 6/9
  2553 | D:3      | Found a glowing golden altar of the Shining One.
  2621 | D:3      | Found an ancient bone altar of Kikubaaqudgha.
  2621 | D:3      | Found a deep blue altar of Sif Muna.
  2628 | D:3      | Found a radiant altar of Vehumet.
  2633 | D:3      | Identified Sif Muna's Catalogue of the Traveller
  2642 | D:3      | Became a worshipper of Vehumet
  2836 | D:4      | Reached skill level 4 in Conjurations
  3093 | D:4      | Reached XP level 5. HP: 33/35 MP: 3/10
  3098 | D:4      | Learned a level 3 spell: Conjure Flame
  3102 | D:4      | Learned a level 3 spell: Mephitic Cloud
  3105 | D:4      | Learned a level 2 spell: Blink
  3108 | D:4      | Learned a level 2 spell: Repel Missiles
  3221 | D:4      | Noticed a phantom
  3436 | D:4      | Found Zin's Purification Station.
  3436 | D:4      | Noticed an ogre
  3449 | D:4      | Found a glowing silver altar of Zin.
  3451 | D:4      | Killed an ogre
  3671 | D:4      | Reached skill level 5 in Conjurations
  3790 | D:4      | Gained mutation: You sometimes gain power by taking damage. [demonic ancestry]
  3790 | D:4      | Reached XP level 6. HP: 37/41 MP: 2/12
  4043 | D:4      | Reached * piety under Vehumet
  4043 | D:4      | Offered knowledge of Freeze by Vehumet.
  4057 | D:4      | Learned a level 1 spell: Freeze
  4321 | D:4      | Found an oddly glowing altar of Pakellas.
  4326 | D:4      | Found a sacrificial altar of Ru.
  4561 | D:4      | Reached skill level 6 in Conjurations
  4697 | D:4      | Gained mutation: You have sharp fingernails. [demonic ancestry]
  4697 | D:4      | Reached XP level 7. HP: 46/46 MP: 8/14
  4848 | D:4      | Learned a level 1 spell: Summon Butterflies
  5124 | D:5      | Entered Level 5 of the Dungeon
  5124 | D:5      | Found a sparkling altar of Nemelex Xobeh.
  5147 | D:5      | Found a staircase to the Ecumenical Temple.
  5159 | D:5      | Reached skill level 5 in Spellcasting
  5494 | D:5      | Reached skill level 7 in Conjurations
  5830 | D:5      | Gained mutation: You have very sharp fingernails. [demonic ancestry]
  5830 | D:5      | Reached XP level 8. HP: 52/52 MP: 10/16
  5917 | D:5      | Reached ** piety under Vehumet
  5917 | D:5      | Offered knowledge of Shock by Vehumet.
  6037 | D:5      | Reached skill level 8 in Conjurations
  6615 | D:5      | Offered knowledge of Ignite Poison by Vehumet.
  6620 | D:5      | Learned a level 3 spell: Ignite Poison
  6958 | D:5      | Reached *** piety under Vehumet
  6987 | D:5      | Reached skill level 9 in Conjurations
  7696 | D:6      | Learned a level 4 spell: Iskenderun's Mystic Blast
  7725 | D:6      | Gained mutation: You are dopey. (Int -2) [potion of mutation]
  7725 | D:6      | Gained mutation: Your muscles are strong. (Str +2) [potion of mutation]
  7725 | D:6      | Gained mutation: Your body sometimes deteriorates upon taking damage. [potion of mutation]
  7817 | D:6      | Reached XP level 9. HP: 38/57 MP: 12/19
  8033 | D:6      | Offered knowledge of Force Lance by Vehumet.
  8033 | D:6      | Reached skill level 10 in Conjurations
  8670 | D:7      | Noticed a brown ugly thing
  8691 | D:6      | Killed a brown ugly thing
  8723 | D:6      | Gained mutation: You are somewhat resistant to further mutation. [mutagenic meat]
  8939 | D:6      | Learned a level 4 spell: Force Lance
  8950 | D:7      | Reached **** piety under Vehumet
  8986 | D:7      | Found Qibu's Gadget Shop.
  9002 | D:7      | Found Gem Simes's Armour Shoppe.
  9005 | D:7      | Noticed Menkaure
  9023 | D:7      | Killed Menkaure
  9304 | D:7      | Offered knowledge of Lee's Rapid Deconstruction by Vehumet.
  9323 | D:7      | Found an opulent altar of Gozag.
  9347 | D:7      | Found Diedulea's Magic Scroll Boutique.
  9355 | D:7      | Bought a scroll of blinking for 90 gold pieces
  9409 | D:7      | Found Letwaeb's Jewellery Shop.
  9414 | D:7      | Noticed Pikel
  9465 | D:7      | Killed Pikel
  9554 | D:7      | Reached XP level 10. HP: 19/63 MP: 2/23
  9727 | D:7      | Reached skill level 10 in Spellcasting
 10560 | D:8      | Noticed Erolcha
 11018 | D:8      | Found a shattered altar of Ashenzari.
 11656 | D:8      | Killed Erolcha
 11656 | D:8      | Reached skill level 11 in Conjurations
 11791 | D:9      | Noticed suvakkihuora's ghost (novice MiAK)
 12036 | D:9      | You fall through a shaft for 3 floors!
 12044 | D:12     | Noticed a hill giant
 12144 | D:11     | Noticed a manticore
 12243 | D:11     | Killed a manticore
 12561 | D:10     | Entered Level 10 of the Dungeon
 12604 | D:10     | Noticed Maud
 13126 | D:9      | Found an oddly glowing altar of Pakellas.
 13202 | D:9      | Reached skill level 12 in Conjurations
 13524 | D:9      | Slain by suvakkihuora's ghost

Vault maps used:
D:1:      eino_arrival_tree_alley
D:2:      minmay_door_path, first_bread, uniq_robin
D:3:      grunt_temple_overflow_magic_moments, tso_oasis_becter
D:4:      zin_purify, minitemple
D:5:      minmay_goblin_kobold_castle, nemelex_xobeh_ov_fountains_minmay,
          minmay_temple_entry_water_ring, goddamned_bats
D:6:      minmay_thick_lines, serial_bayou_crossing
D:7:      old_standard_altar, serial_shops, shop, nicolae_shop_waterfront,
          shop_fountains, nicolae_shop_crystal, uniq_pikel, uniq_menkaure
D:8:      lemuel_crystal_altar, david_nohive_1, serial_bayou_ford_a,
          uniq_erolcha
D:9:      grunt_pakellas_sulfur
D:10:     dpeg_lair_monsters, uniq_harold, uniq_maud, uniq_urug, uniq_joseph
D:11:     david_orc_4, basic_altar, st_stairs_12, nicolae_water_bricks,
          hive_lemuel
D:12:     minivault_8

Skill      XL: |  1  2  3  4  5  6  7  8  9 10 |
---------------+-------------------------------+-----
Conjurations   | 2 3 4 5 6 7 9 10 12 | 12.1
Spellcasting   | 4 5 6 9 10 | 10.9
Dodging        | |  1.7
Stealth        | |  1.7
Summonings     | |  1.0
Translocations | |  0.8

Action                   |  1- 3 |  4- 6 |  7- 9 | 10-12 || total
-------------------------+-------+-------+-------+-------++-------
Melee: Unarmed           |     1 |       |       |       ||     1
       Dagger            |    17 |   110 |    87 |    55 ||   269
       Falchion          |       |       |    94 |    23 ||   117
 Cast: Magic Dart        |    74 |   111 |   200 |    80 ||   465
       Mephitic Cloud    |       |     8 |    36 |    26 ||    70
       Conjure Flame     |       |     5 |     4 |     7 ||    16
       Repel Missiles    |       |     1 |     1 |       ||     2
       Ignite Poison     |       |       |     8 |     4 ||    12
       Iskenderun's Myst |       |       |    26 |    16 ||    42
       Force Lance       |       |       |    15 |    64 ||    79
       Summon Butterflie |       |       |       |     1 ||     1
Evoke: Wand              |       |       |     1 |     1 ||     2
  Use: Potion            |     1 |     1 |     9 |     2 ||    13
       Scroll            |       |       |    14 |     4 ||    18
 Stab: Confused          |       |     1 |     6 |     4 ||    11
  Eat: Chunk             |     2 |    10 |    14 |     9 ||    35
       Bread ration      |       |       |     2 |       ||     2
       Beef jerky        |       |       |     1 |       ||     1
       Meat ration       |       |       |       |     2 ||     2
       Royal jelly       |       |       |       |     1 ||     1
